Workbook

Sheet Tableau de bord
A1: Suivi des comptes fournisseurs
A2: Entreprise : | B2: ='Paramètres'!$B$10 | D2: Date de référence : | E2: ='Paramètres'!$B$8 | G2: Devise : | H2: ='Paramètres'!$B$11
A5: Total des factures enregistrées | B5: =IFERROR(SUM('Factures fournisseurs'!$M$2:$M$111),0) | D5: Total à payer | E5: =IFERROR(SUM('Factures fournisseurs'!$O$2:$O$111),0) | G5: Total échu | H5: =IFERROR(SUMIFS('Factures fournisseurs'!$O$2:$O$111,'Factures fournisseurs'!$R$2:$R$111,"<>Payée",'Factures fournisseurs'!$R$2:$R$111,"<>Annulée",'Factures fournisseurs'!$P$2:$P$111,"<0"),0)
A7: À échéance dans les prochains jours | B7: =IFERROR(SUMIFS('Factures fournisseurs'!$O$2:$O$111,'Factures fournisseurs'!$R$2:$R$111,"<>Payée",'Factures fournisseurs'!$R$2:$R$111,"<>Annulée",'Factures fournisseurs'!$P$2:$P$111,">=0",'Factures fournisseurs'!$P$2:$P$111,"<="&'Paramètres'!$B$9),0) | D7: Nombre de factures à payer | E7: =IFERROR(COUNTIFS('Factures fournisseurs'!$O$2:$O$111,">0",'Factures fournisseurs'!$R$2:$R$111,"<>Annulée"),0) | G7: Nombre de factures échues | H7: =IFERROR(COUNTIFS('Factures fournisseurs'!$O$2:$O$111,">0",'Factures fournisseurs'!$R$2:$R$111,"<>Annulée",'Factures fournisseurs'!$P$2:$P$111,"<0"),0)
A9: Nombre de fournisseurs actifs | B9: =IFERROR(SUMPRODUCT(('Factures fournisseurs'!$O$2:$O$111>0)/COUNTIF('Factures fournisseurs'!$B$2:$B$111,'Factures fournisseurs'!$B$2:$B$111&"")),0)
A12: Taux de TPS | B12: =IFERROR(VLOOKUP($A$12,'Paramètres'!$A$6:$B$11,2,FALSE),0) | D12: Taux de TVQ | E12: =IFERROR(VLOOKUP($D$12,'Paramètres'!$A$6:$B$11,2,FALSE),0) | G12: Seuil d’échéance | H12: ='Paramètres'!$B$9
H13: =""
H14: =""
A15: Ancienneté des soldes | E15: Contrôles de qualité | H15: ="" | J15: Solde à payer par fournisseur
A16: Catégorie | B16: Montant à payer | C16: Nombre de factures | E16: Contrôle | F16: Résultat | H16: ="" | J16: Fournisseur | K16: Solde à payer
A17: Non échue | B17: =IFERROR(SUMIFS('Factures fournisseurs'!$O$2:$O$111,'Factures fournisseurs'!$Q$2:$Q$111,$A17),0) | C17: =IFERROR(COUNTIFS('Factures fournisseurs'!$Q$2:$Q$111,$A17,'Factures fournisseurs'!$O$2:$O$111,">0"),0) | E17: Factures sans ID | F17: =IFERROR(COUNTIFS('Factures fournisseurs'!$A$2:$A$111,"",'Factures fournisseurs'!$B$2:$B$111,"<>"),0) | H17: ="" | J17: Papeterie Laurentienne | K17: =IFERROR(SUMIF('Factures fournisseurs'!$B$2:$B$111,$J17,'Factures fournisseurs'!$O$2:$O$111),0)
A18: 1 à 30 jours | B18: =IFERROR(SUMIFS('Factures fournisseurs'!$O$2:$O$111,'Factures fournisseurs'!$Q$2:$Q$111,$A18),0) | C18: =IFERROR(COUNTIFS('Factures fournisseurs'!$Q$2:$Q$111,$A18,'Factures fournisseurs'!$O$2:$O$111,">0"),0) | E18: No de facture fournisseur manquants | F18: =IFERROR(COUNTIFS('Factures fournisseurs'!$C$2:$C$111,"",'Factures fournisseurs'!$B$2:$B$111,"<>"),0) | H18: ="" | J18: Services TI Mont-Royal | K18: =IFERROR(SUMIF('Factures fournisseurs'!$B$2:$B$111,$J18,'Factures fournisseurs'!$O$2:$O$111),0)
A19: 31 à 60 jours | B19: =IFERROR(SUMIFS('Factures fournisseurs'!$O$2:$O$111,'Factures fournisseurs'!$Q$2:$Q$111,$A19),0) | C19: =IFERROR(COUNTIFS('Factures fournisseurs'!$Q$2:$Q$111,$A19,'Factures fournisseurs'!$O$2:$O$111,">0"),0) | E19: Dates d’échéance invalides | F19: =IFERROR(SUMPRODUCT(--('Factures fournisseurs'!$A$2:$A$111<>""),--('Factures fournisseurs'!$G$2:$G$111<'Factures fournisseurs'!$F$2:$F$111)),0) | H19: ="" | J19: Hydro-Québec | K19: =IFERROR(SUMIF('Factures fournisseurs'!$B$2:$B$111,$J19,'Factures fournisseurs'!$O$2:$O$111),0)
A20: 61 à 90 jours | B20: =IFERROR(SUMIFS('Factures fournisseurs'!$O$2:$O$111,'Factures fournisseurs'!$Q$2:$Q$111,$A20),0) | C20: =IFERROR(COUNTIFS('Factures fournisseurs'!$Q$2:$Q$111,$A20,'Factures fournisseurs'!$O$2:$O$111,">0"),0) | E20: Montants payés supérieurs aux totaux | F20: =IFERROR(SUMPRODUCT(--('Factures fournisseurs'!$A$2:$A$111<>""),--('Factures fournisseurs'!$N$2:$N$111>'Factures fournisseurs'!$M$2:$M$111)),0) | H20: ="" | J20: Messagerie Nord-Sud | K20: =IFERROR(SUMIF('Factures fournisseurs'!$B$2:$B$111,$J20,'Factures fournisseurs'!$O$2:$O$111),0)
A21: Plus de 90 jours | B21: =IFERROR(SUMIFS('Factures fournisseurs'!$O$2:$O$111,'Factures fournisseurs'!$Q$2:$Q$111,$A21),0) | C21: =IFERROR(COUNTIFS('Factures fournisseurs'!$Q$2:$Q$111,$A21,'Factures fournisseurs'!$O$2:$O$111,">0"),0) | E21: Soldes négatifs | F21: =IFERROR(SUMPRODUCT(--('Factures fournisseurs'!$A$2:$A$111<>""),--('Factures fournisseurs'!$O$2:$O$111<0)),0) | H21: ="" | J21: Cabinet Lavoie CPA | K21: =IFERROR(SUMIF('Factures fournisseurs'!$B$2:$B$111,$J21,'Factures fournisseurs'!$O$2:$O$111),0)
B22: ="" | C22: ="" | E22: IDs en double | F22: =IFERROR(SUMPRODUCT(--('Factures fournisseurs'!$A$2:$A$111<>""),--(COUNTIF('Factures fournisseurs'!$A$2:$A$111,'Factures fournisseurs'!$A$2:$A$111)>1)),0) | H22: ="" | J22: Imprimerie du Canal | K22: =IFERROR(SUMIF('Factures fournisseurs'!$B$2:$B$111,$J22,'Factures fournisseurs'!$O$2:$O$111),0)
B23: ="" | C23: ="" | H23: ="" | J23: Entretien Propre-Net | K23: =IFERROR(SUMIF('Factures fournisseurs'!$B$2:$B$111,$J23,'Factures fournisseurs'!$O$2:$O$111),0)
B24: ="" | C24: ="" | E24: État global | F24: =IFERROR(IF(SUM($F$17:$F$22)=0,"Contrôle réussi","Vérification requise"),"Vérification requise") | H24: ="" | J24: Télécom Boréal | K24: =IFERROR(SUMIF('Factures fournisseurs'!$B$2:$B$111,$J24,'Factures fournisseurs'!$O$2:$O$111),0)
B25: ="" | C25: ="" | H25: ="" | J25: Location Saint-Paul | K25: =IFERROR(SUMIF('Factures fournisseurs'!$B$2:$B$111,$J25,'Factures fournisseurs'!$O$2:$O$111),0)
B26: ="" | C26: ="" | E26: Rapprochement des totaux | H26: ="" | J26: Fournitures Atelier Québec | K26: =IFERROR(SUMIF('Factures fournisseurs'!$B$2:$B$111,$J26,'Factures fournisseurs'!$O$2:$O$111),0)
B27: ="" | C27: ="" | E27: Contrôle | F27: Montant | H27: ="" | K27: =""
B28: ="" | C28: ="" | E28: Total des factures | F28: =IFERROR(SUM('Factures fournisseurs'!$M$2:$M$111),0) | H28: ="" | K28: =""
B29: ="" | C29: ="" | E29: Total payé | F29: =IFERROR(SUM('Factures fournisseurs'!$N$2:$N$111),0) | H29: ="" | K29: =""
B30: ="" | C30: ="" | E30: Total à payer | F30: =IFERROR(SUM('Factures fournisseurs'!$O$2:$O$111),0) | H30: ="" | K30: =""
B31: ="" | C31: ="" | E31: Total payé + total à payer | F31: =IFERROR($F$29+$F$30,0) | H31: ="" | K31: =""
B32: ="" | C32: ="" | E32: Écart de contrôle | F32: =IFERROR($F$28-$F$31,0) | H32: ="" | K32: =""
B33: ="" | C33: ="" | E33: ="" | F33: ="" | H33: ="" | K33: =""
B34: ="" | C34: ="" | E34: ="" | F34: ="" | H34: ="" | K34: =""
B35: ="" | C35: ="" | E35: ="" | F35: ="" | H35: ="" | K35: =""
B36: ="" | C36: ="" | E36: ="" | F36: ="" | H36: ="" | K36: =""
B37: ="" | C37: ="" | E37: ="" | F37: ="" | H37: ="" | K37: =""
B38: ="" | C38: ="" | E38: ="" | F38: ="" | H38: ="" | K38: =""
B39: ="" | C39: ="" | E39: ="" | F39: ="" | H39: ="" | K39: =""
B40: ="" | C40: ="" | E40: ="" | F40: ="" | H40: ="" | K40: =""
B41: ="" | C41: ="" | E41: ="" | F41: ="" | H41: ="" | K41: =""
B42: ="" | C42: ="" | E42: ="" | F42: ="" | H42: ="" | K42: =""
B43: ="" | C43: ="" | E43: ="" | F43: ="" | H43: ="" | K43: =""
B44: ="" | C44: ="" | E44: ="" | F44: ="" | H44: ="" | K44: =""
... B101: ="" | C101: ="" | E101: ="" | F101: ="" | H101: ="" | K101: =""

Sheet Factures fournisseurs
A1: ID facture | B1: Fournisseur | C1: No de facture fournisseur | D1: Catégorie | E1: Traitement des taxes | F1: Date de facture | G1: Date d’échéance | H1: Date de paiement | I1: Mode de paiement | J1: Montant avant taxes | K1: TPS | L1: TVQ | M1: Total de la facture | N1: Montant payé | O1: Solde à payer | P1: Jours avant ou après échéance | Q1: Catégorie d’ancienneté | R1: Statut calculé | S1: Statut manuel | T1: Commentaires
A2: F-2026-001 | B2: Papeterie Laurentienne | C2: PL-45821 | D2: Fournitures de bureau | E2: TPS et TVQ applicables | F2: 46200 | G2: 46235 | J2: 485 | K2: =IF($A2="","",IFERROR(IF(OR($E2="TPS et TVQ applicables",$E2="TPS seulement"),$J2*'Paramètres'!$B$6,0),0)) | L2: =IF($A2="","",IFERROR(IF(OR($E2="TPS et TVQ applicables",$E2="TVQ seulement"),$J2*'Paramètres'!$B$7,0),0)) | M2: =IF($A2="","",IFERROR($J2+$K2+$L2,0)) | N2: 0 | O2: =IF($A2="","",IFERROR(MAX(0,$M2-$N2),0)) | P2: =IF($A2="","",IFERROR($G2-'Paramètres'!$B$8,0)) | Q2: =IF($A2="","",IFERROR(IF(OR($O2=0,$R2="Annulée"),"Non échue",IF($P2>=0,"Non échue",IF($P2>=-30,"1 à 30 jours",IF($P2>=-60,"31 à 60 jours",IF($P2>=-90,"61 à 90 jours","Plus de 90 jours"))))),"")) | R2: =IF($A2="","",IFERROR(IF($S2="Annulée","Annulée",IF($O2=0,"Payée",IF($N2>0,"Partiellement payée","À payer"))),"")) | S2: À payer | T2: Fournitures mensuelles
A3: F-2026-002 | B3: Services TI Mont-Royal | C3: STM-2026-117 | D3: Logiciels et abonnements | E3: TPS et TVQ applicables | F3: 46209 | G3: 46244 | H3: 46242 | I3: Virement bancaire | J3: 1250 | K3: =IF($A3="","",IFERROR(IF(OR($E3="TPS et TVQ applicables",$E3="TPS seulement"),$J3*'Paramètres'!$B$6,0),0)) | L3: =IF($A3="","",IFERROR(IF(OR($E3="TPS et TVQ applicables",$E3="TVQ seulement"),$J3*'Paramètres'!$B$7,0),0)) | M3: =IF($A3="","",IFERROR($J3+$K3+$L3,0)) | N3: 1437.1875 | O3: =IF($A3="","",IFERROR(MAX(0,$M3-$N3),0)) | P3: =IF($A3="","",IFERROR($G3-'Paramètres'!$B$8,0)) | Q3: =IF($A3="","",IFERROR(IF(OR($O3=0,$R3="Annulée"),"Non échue",IF($P3>=0,"Non échue",IF($P3>=-30,"1 à 30 jours",IF($P3>=-60,"31 à 60 jours",IF($P3>=-90,"61 à 90 jours","Plus de 90 jours"))))),"")) | R3: =IF($A3="","",IFERROR(IF($S3="Annulée","Annulée",IF($O3=0,"Payée",IF($N3>0,"Partiellement payée","À payer"))),"")) | S3: Payée | T3: Soutien informatique
A4: F-2026-003 | B4: Hydro-Québec | C4: HQ-2026-04 | D4: Services publics | E4: Aucune taxe | F4: 46229 | G4: 46259 | I4: Prélèvement automatique | J4: 312.45 | K4: =IF($A4="","",IFERROR(IF(OR($E4="TPS et TVQ applicables",$E4="TPS seulement"),$J4*'Paramètres'!$B$6,0),0)) | L4: =IF($A4="","",IFERROR(IF(OR($E4="TPS et TVQ applicables",$E4="TVQ seulement"),$J4*'Paramètres'!$B$7,0),0)) | M4: =IF($A4="","",IFERROR($J4+$K4+$L4,0)) | N4: 0 | O4: =IF($A4="","",IFERROR(MAX(0,$M4-$N4),0)) | P4: =IF($A4="","",IFERROR($G4-'Paramètres'!$B$8,0)) | Q4: =IF($A4="","",IFERROR(IF(OR($O4=0,$R4="Annulée"),"Non échue",IF($P4>=0,"Non échue",IF($P4>=-30,"1 à 30 jours",IF($P4>=-60,"31 à 60 jours",IF($P4>=-90,"61 à 90 jours","Plus de 90 jours"))))),"")) | R4: =IF($A4="","",IFERROR(IF($S4="Annulée","Annulée",IF($O4=0,"Payée",IF($N4>0,"Partiellement payée","À payer"))),"")) | S4: À payer | T4: Électricité
A5: F-2026-004 | B5: Messagerie Nord-Sud | C5: MNS-8842 | D5: Transport et livraison | E5: TPS seulement | F5: 46231 | G5: 46261 | J5: 210 | K5: =IF($A5="","",IFERROR(IF(OR($E5="TPS et TVQ applicables",$E5="TPS seulement"),$J5*'Paramètres'!$B$6,0),0)) | L5: =IF($A5="","",IFERROR(IF(OR($E5="TPS et TVQ applicables",$E5="TVQ seulement"),$J5*'Paramètres'!$B$7,0),0)) | M5: =IF($A5="","",IFERROR($J5+$K5+$L5,0)) | N5: 0 | O5: =IF($A5="","",IFERROR(MAX(0,$M5-$N5),0)) | P5: =IF($A5="","",IFERROR($G5-'Paramètres'!$B$8,0)) | Q5: =IF($A5="","",IFERROR(IF(OR($O5=0,$R5="Annulée"),"Non échue",IF($P5>=0,"Non échue",IF($P5>=-30,"1 à 30 jours",IF($P5>=-60,"31 à 60 jours",IF($P5>=-90,"61 à 90 jours","Plus de 90 jours"))))),"")) | R5: =IF($A5="","",IFERROR(IF($S5="Annulée","Annulée",IF($O5=0,"Payée",IF($N5>0,"Partiellement payée","À payer"))),"")) | S5: À payer | T5: Livraison de matériel
A6: F-2026-005 | B6: Cabinet Lavoie CPA | C6: CPA-26041 | D6: Honoraires professionnels | E6: TPS et TVQ applicables | F6: 46183 | G6: 46214 | H6: 46214 | I6: Virement bancaire | J6: 900 | K6: =IF($A6="","",IFERROR(IF(OR($E6="TPS et TVQ applicables",$E6="TPS seulement"),$J6*'Paramètres'!$B$6,0),0)) | L6: =IF($A6="","",IFERROR(IF(OR($E6="TPS et TVQ applicables",$E6="TVQ seulement"),$J6*'Paramètres'!$B$7,0),0)) | M6: =IF($A6="","",IFERROR($J6+$K6+$L6,0)) | N6: 1034.775 | O6: =IF($A6="","",IFERROR(MAX(0,$M6-$N6),0)) | P6: =IF($A6="","",IFERROR($G6-'Paramètres'!$B$8,0)) | Q6: =IF($A6="","",IFERROR(IF(OR($O6=0,$R6="Annulée"),"Non échue",IF($P6>=0,"Non échue",IF($P6>=-30,"1 à 30 jours",IF($P6>=-60,"31 à 60 jours",IF($P6>=-90,"61 à 90 jours","Plus de 90 jours"))))),"")) | R6: =IF($A6="","",IFERROR(IF($S6="Annulée","Annulée",IF($O6=0,"Payée",IF($N6>0,"Partiellement payée","À payer"))),"")) | S6: Payée | T6: Tenue de livres
A7: F-2026-006 | B7: Imprimerie du Canal | C7: IDC-7719 | D7: Publicité et marketing | E7: TPS et TVQ applicables | F7: 46234 | G7: 46264 | J7: 640 | K7: =IF($A7="","",IFERROR(IF(OR($E7="TPS et TVQ applicables",$E7="TPS seulement"),$J7*'Paramètres'!$B$6,0),0)) | L7: =IF($A7="","",IFERROR(IF(OR($E7="TPS et TVQ applicables",$E7="TVQ seulement"),$J7*'Paramètres'!$B$7,0),0)) | M7: =IF($A7="","",IFERROR($J7+$K7+$L7,0)) | N7: 320 | O7: =IF($A7="","",IFERROR(MAX(0,$M7-$N7),0)) | P7: =IF($A7="","",IFERROR($G7-'Paramètres'!$B$8,0)) | Q7: =IF($A7="","",IFERROR(IF(OR($O7=0,$R7="Annulée"),"Non échue",IF($P7>=0,"Non échue",IF($P7>=-30,"1 à 30 jours",IF($P7>=-60,"31 à 60 jours",IF($P7>=-90,"61 à 90 jours","Plus de 90 jours"))))),"")) | R7: =IF($A7="","",IFERROR(IF($S7="Annulée","Annulée",IF($O7=0,"Payée",IF($N7>0,"Partiellement payée","À payer"))),"")) | S7: Partiellement payée | T7: Dépliant promotionnel
A8: F-2026-007 | B8: Entretien Propre-Net | C8: PN-3098 | D8: Entretien et réparations | E8: TPS et TVQ applicables | F8: 46219 | G8: 46249 | J8: 375 | K8: =IF($A8="","",IFERROR(IF(OR($E8="TPS et TVQ applicables",$E8="TPS seulement"),$J8*'Paramètres'!$B$6,0),0)) | L8: =IF($A8="","",IFERROR(IF(OR($E8="TPS et TVQ applicables",$E8="TVQ seulement"),$J8*'Paramètres'!$B$7,0),0)) | M8: =IF($A8="","",IFERROR($J8+$K8+$L8,0)) | N8: 0 | O8: =IF($A8="","",IFERROR(MAX(0,$M8-$N8),0)) | P8: =IF($A8="","",IFERROR($G8-'Paramètres'!$B$8,0)) | Q8: =IF($A8="","",IFERROR(IF(OR($O8=0,$R8="Annulée"),"Non échue",IF($P8>=0,"Non échue",IF($P8>=-30,"1 à 30 jours",IF($P8>=-60,"31 à 60 jours",IF($P8>=-90,"61 à 90 jours","Plus de 90 jours"))))),"")) | R8: =IF($A8="","",IFERROR(IF($S8="Annulée","Annulée",IF($O8=0,"Payée",IF($N8>0,"Partiellement payée","À payer"))),"")) | S8: À payer | T8: Entretien des locaux
A9: F-2026-008 | B9: Télécom Boréal | C9: TB-0626 | D9: Télécommunications | E9: TPS et TVQ applicables | F9: 46244 | G9: 46274 | I9: Carte de crédit | J9: 189.99 | K9: =IF($A9="","",IFERROR(IF(OR($E9="TPS et TVQ applicables",$E9="TPS seulement"),$J9*'Paramètres'!$B$6,0),0)) | L9: =IF($A9="","",IFERROR(IF(OR($E9="TPS et TVQ applicables",$E9="TVQ seulement"),$J9*'Paramètres'!$B$7,0),0)) | M9: =IF($A9="","",IFERROR($J9+$K9+$L9,0)) | N9: 0 | O9: =IF($A9="","",IFERROR(MAX(0,$M9-$N9),0)) | P9: =IF($A9="","",IFERROR($G9-'Paramètres'!$B$8,0)) | Q9: =IF($A9="","",IFERROR(IF(OR($O9=0,$R9="Annulée"),"Non échue",IF($P9>=0,"Non échue",IF($P9>=-30,"1 à 30 jours",IF($P9>=-60,"31 à 60 jours",IF($P9>=-90,"61 à 90 jours","Plus de 90 jours"))))),"")) | R9: =IF($A9="","",IFERROR(IF($S9="Annulée","Annulée",IF($O9=0,"Payée",IF($N9>0,"Partiellement payée","À payer"))),"")) | S9: À payer | T9: Service Internet
A10: F-2026-009 | B10: Location Saint-Paul | C10: LSP-0626 | D10: Loyer | E10: Aucune taxe | F10: 46230 | G10: 46230 | H10: 46230 | I10: Virement bancaire | J10: 2100 | K10: =IF($A10="","",IFERROR(IF(OR($E10="TPS et TVQ applicables",$E10="TPS seulement"),$J10*'Paramètres'!$B$6,0),0)) | L10: =IF($A10="","",IFERROR(IF(OR($E10="TPS et TVQ applicables",$E10="TVQ seulement"),$J10*'Paramètres'!$B$7,0),0)) | M10: =IF($A10="","",IFERROR($J10+$K10+$L10,0)) | N10: 2100 | O10: =IF($A10="","",IFERROR(MAX(0,$M10-$N10),0)) | P10: =IF($A10="","",IFERROR($G10-'Paramètres'!$B$8,0)) | Q10: =IF($A10="","",IFERROR(IF(OR($O10=0,$R10="Annulée"),"Non échue",IF($P10>=0,"Non échue",IF($P10>=-30,"1 à 30 jours",IF($P10>=-60,"31 à 60 jours",IF($P10>=-90,"61 à 90 jours","Plus de 90 jours"))))),"")) | R10: =IF($A10="","",IFERROR(IF($S10="Annulée","Annulée",IF($O10=0,"Payée",IF($N10>0,"Partiellement payée","À payer"))),"")) | S10: Payée | T10: Loyer du mois
A11: F-2026-010 | B11: Fournitures Atelier Québec | C11: FAQ-19026 | D11: Autre | E11: TPS et TVQ applicables | F11: 46254 | G11: 46284 | J11: 825 | K11: =IF($A11="","",IFERROR(IF(OR($E11="TPS et TVQ applicables",$E11="TPS seulement"),$J11*'Paramètres'!$B$6,0),0)) | L11: =IF($A11="","",IFERROR(IF(OR($E11="TPS et TVQ applicables",$E11="TVQ seulement"),$J11*'Paramètres'!$B$7,0),0)) | M11: =IF($A11="","",IFERROR($J11+$K11+$L11,0)) | N11: 0 | O11: =IF($A11="","",IFERROR(MAX(0,$M11-$N11),0)) | P11: =IF($A11="","",IFERROR($G11-'Paramètres'!$B$8,0)) | Q11: =IF($A11="","",IFERROR(IF(OR($O11=0,$R11="Annulée"),"Non échue",IF($P11>=0,"Non échue",IF($P11>=-30,"1 à 30 jours",IF($P11>=-60,"31 à 60 jours",IF($P11>=-90,"61 à 90 jours","Plus de 90 jours"))))),"")) | R11: =IF($A11="","",IFERROR(IF($S11="Annulée","Annulée",IF($O11=0,"Payée",IF($N11>0,"Partiellement payée","À payer"))),"")) | S11: À payer | T11: Matériel d’atelier
K12: =IF($A12="","",IFERROR(IF(OR($E12="TPS et TVQ applicables",$E12="TPS seulement"),$J12*'Paramètres'!$B$6,0),0)) | L12: =IF($A12="","",IFERROR(IF(OR($E12="TPS et TVQ applicables",$E12="TVQ seulement"),$J12*'Paramètres'!$B$7,0),0)) | M12: =IF($A12="","",IFERROR($J12+$K12+$L12,0)) | O12: =IF($A12="","",IFERROR(MAX(0,$M12-$N12),0)) | P12: =IF($A12="","",IFERROR($G12-'Paramètres'!$B$8,0)) | Q12: =IF($A12="","",IFERROR(IF(OR($O12=0,$R12="Annulée"),"Non échue",IF($P12>=0,"Non échue",IF($P12>=-30,"1 à 30 jours",IF($P12>=-60,"31 à 60 jours",IF($P12>=-90,"61 à 90 jours","Plus de 90 jours"))))),"")) | R12: =IF($A12="","",IFERROR(IF($S12="Annulée","Annulée",IF($O12=0,"Payée",IF($N12>0,"Partiellement payée","À payer"))),""))
K13: =IF($A13="","",IFERROR(IF(OR($E13="TPS et TVQ applicables",$E13="TPS seulement"),$J13*'Paramètres'!$B$6,0),0)) | L13: =IF($A13="","",IFERROR(IF(OR($E13="TPS et TVQ applicables",$E13="TVQ seulement"),$J13*'Paramètres'!$B$7,0),0)) | M13: =IF($A13="","",IFERROR($J13+$K13+$L13,0)) | O13: =IF($A13="","",IFERROR(MAX(0,$M13-$N13),0)) | P13: =IF($A13="","",IFERROR($G13-'Paramètres'!$B$8,0)) | Q13: =IF($A13="","",IFERROR(IF(OR($O13=0,$R13="Annulée"),"Non échue",IF($P13>=0,"Non échue",IF($P13>=-30,"1 à 30 jours",IF($P13>=-60,"31 à 60 jours",IF($P13>=-90,"61 à 90 jours","Plus de 90 jours"))))),"")) | R13: =IF($A13="","",IFERROR(IF($S13="Annulée","Annulée",IF($O13=0,"Payée",IF($N13>0,"Partiellement payée","À payer"))),""))
K14: =IF($A14="","",IFERROR(IF(OR($E14="TPS et TVQ applicables",$E14="TPS seulement"),$J14*'Paramètres'!$B$6,0),0)) | L14: =IF($A14="","",IFERROR(IF(OR($E14="TPS et TVQ applicables",$E14="TVQ seulement"),$J14*'Paramètres'!$B$7,0),0)) | M14: =IF($A14="","",IFERROR($J14+$K14+$L14,0)) | O14: =IF($A14="","",IFERROR(MAX(0,$M14-$N14),0)) | P14: =IF($A14="","",IFERROR($G14-'Paramètres'!$B$8,0)) | Q14: =IF($A14="","",IFERROR(IF(OR($O14=0,$R14="Annulée"),"Non échue",IF($P14>=0,"Non échue",IF($P14>=-30,"1 à 30 jours",IF($P14>=-60,"31 à 60 jours",IF($P14>=-90,"61 à 90 jours","Plus de 90 jours"))))),"")) | R14: =IF($A14="","",IFERROR(IF($S14="Annulée","Annulée",IF($O14=0,"Payée",IF($N14>0,"Partiellement payée","À payer"))),""))
K15: =IF($A15="","",IFERROR(IF(OR($E15="TPS et TVQ applicables",$E15="TPS seulement"),$J15*'Paramètres'!$B$6,0),0)) | L15: =IF($A15="","",IFERROR(IF(OR($E15="TPS et TVQ applicables",$E15="TVQ seulement"),$J15*'Paramètres'!$B$7,0),0)) | M15: =IF($A15="","",IFERROR($J15+$K15+$L15,0)) | O15: =IF($A15="","",IFERROR(MAX(0,$M15-$N15),0)) | P15: =IF($A15="","",IFERROR($G15-'Paramètres'!$B$8,0)) | Q15: =IF($A15="","",IFERROR(IF(OR($O15=0,$R15="Annulée"),"Non échue",IF($P15>=0,"Non échue",IF($P15>=-30,"1 à 30 jours",IF($P15>=-60,"31 à 60 jours",IF($P15>=-90,"61 à 90 jours","Plus de 90 jours"))))),"")) | R15: =IF($A15="","",IFERROR(IF($S15="Annulée","Annulée",IF($O15=0,"Payée",IF($N15>0,"Partiellement payée","À payer"))),""))
K16: =IF($A16="","",IFERROR(IF(OR($E16="TPS et TVQ applicables",$E16="TPS seulement"),$J16*'Paramètres'!$B$6,0),0)) | L16: =IF($A16="","",IFERROR(IF(OR($E16="TPS et TVQ applicables",$E16="TVQ seulement"),$J16*'Paramètres'!$B$7,0),0)) | M16: =IF($A16="","",IFERROR($J16+$K16+$L16,0)) | O16: =IF($A16="","",IFERROR(MAX(0,$M16-$N16),0)) | P16: =IF($A16="","",IFERROR($G16-'Paramètres'!$B$8,0)) | Q16: =IF($A16="","",IFERROR(IF(OR($O16=0,$R16="Annulée"),"Non échue",IF($P16>=0,"Non échue",IF($P16>=-30,"1 à 30 jours",IF($P16>=-60,"31 à 60 jours",IF($P16>=-90,"61 à 90 jours","Plus de 90 jours"))))),"")) | R16: =IF($A16="","",IFERROR(IF($S16="Annulée","Annulée",IF($O16=0,"Payée",IF($N16>0,"Partiellement payée","À payer"))),""))
K17: =IF($A17="","",IFERROR(IF(OR($E17="TPS et TVQ applicables",$E17="TPS seulement"),$J17*'Paramètres'!$B$6,0),0)) | L17: =IF($A17="","",IFERROR(IF(OR($E17="TPS et TVQ applicables",$E17="TVQ seulement"),$J17*'Paramètres'!$B$7,0),0)) | M17: =IF($A17="","",IFERROR($J17+$K17+$L17,0)) | O17: =IF($A17="","",IFERROR(MAX(0,$M17-$N17),0)) | P17: =IF($A17="","",IFERROR($G17-'Paramètres'!$B$8,0)) | Q17: =IF($A17="","",IFERROR(IF(OR($O17=0,$R17="Annulée"),"Non échue",IF($P17>=0,"Non échue",IF($P17>=-30,"1 à 30 jours",IF($P17>=-60,"31 à 60 jours",IF($P17>=-90,"61 à 90 jours","Plus de 90 jours"))))),"")) | R17: =IF($A17="","",IFERROR(IF($S17="Annulée","Annulée",IF($O17=0,"Payée",IF($N17>0,"Partiellement payée","À payer"))),""))
K18: =IF($A18="","",IFERROR(IF(OR($E18="TPS et TVQ applicables",$E18="TPS seulement"),$J18*'Paramètres'!$B$6,0),0)) | L18: =IF($A18="","",IFERROR(IF(OR($E18="TPS et TVQ applicables",$E18="TVQ seulement"),$J18*'Paramètres'!$B$7,0),0)) | M18: =IF($A18="","",IFERROR($J18+$K18+$L18,0)) | O18: =IF($A18="","",IFERROR(MAX(0,$M18-$N18),0)) | P18: =IF($A18="","",IFERROR($G18-'Paramètres'!$B$8,0)) | Q18: =IF($A18="","",IFERROR(IF(OR($O18=0,$R18="Annulée"),"Non échue",IF($P18>=0,"Non échue",IF($P18>=-30,"1 à 30 jours",IF($P18>=-60,"31 à 60 jours",IF($P18>=-90,"61 à 90 jours","Plus de 90 jours"))))),"")) | R18: =IF($A18="","",IFERROR(IF($S18="Annulée","Annulée",IF($O18=0,"Payée",IF($N18>0,"Partiellement payée","À payer"))),""))
K19: =IF($A19="","",IFERROR(IF(OR($E19="TPS et TVQ applicables",$E19="TPS seulement"),$J19*'Paramètres'!$B$6,0),0)) | L19: =IF($A19="","",IFERROR(IF(OR($E19="TPS et TVQ applicables",$E19="TVQ seulement"),$J19*'Paramètres'!$B$7,0),0)) | M19: =IF($A19="","",IFERROR($J19+$K19+$L19,0)) | O19: =IF($A19="","",IFERROR(MAX(0,$M19-$N19),0)) | P19: =IF($A19="","",IFERROR($G19-'Paramètres'!$B$8,0)) | Q19: =IF($A19="","",IFERROR(IF(OR($O19=0,$R19="Annulée"),"Non échue",IF($P19>=0,"Non échue",IF($P19>=-30,"1 à 30 jours",IF($P19>=-60,"31 à 60 jours",IF($P19>=-90,"61 à 90 jours","Plus de 90 jours"))))),"")) | R19: =IF($A19="","",IFERROR(IF($S19="Annulée","Annulée",IF($O19=0,"Payée",IF($N19>0,"Partiellement payée","À payer"))),""))
K20: =IF($A20="","",IFERROR(IF(OR($E20="TPS et TVQ applicables",$E20="TPS seulement"),$J20*'Paramètres'!$B$6,0),0)) | L20: =IF($A20="","",IFERROR(IF(OR($E20="TPS et TVQ applicables",$E20="TVQ seulement"),$J20*'Paramètres'!$B$7,0),0)) | M20: =IF($A20="","",IFERROR($J20+$K20+$L20,0)) | O20: =IF($A20="","",IFERROR(MAX(0,$M20-$N20),0)) | P20: =IF($A20="","",IFERROR($G20-'Paramètres'!$B$8,0)) | Q20: =IF($A20="","",IFERROR(IF(OR($O20=0,$R20="Annulée"),"Non échue",IF($P20>=0,"Non échue",IF($P20>=-30,"1 à 30 jours",IF($P20>=-60,"31 à 60 jours",IF($P20>=-90,"61 à 90 jours","Plus de 90 jours"))))),"")) | R20: =IF($A20="","",IFERROR(IF($S20="Annulée","Annulée",IF($O20=0,"Payée",IF($N20>0,"Partiellement payée","À payer"))),""))
K21: =IF($A21="","",IFERROR(IF(OR($E21="TPS et TVQ applicables",$E21="TPS seulement"),$J21*'Paramètres'!$B$6,0),0)) | L21: =IF($A21="","",IFERROR(IF(OR($E21="TPS et TVQ applicables",$E21="TVQ seulement"),$J21*'Paramètres'!$B$7,0),0)) | M21: =IF($A21="","",IFERROR($J21+$K21+$L21,0)) | O21: =IF($A21="","",IFERROR(MAX(0,$M21-$N21),0)) | P21: =IF($A21="","",IFERROR($G21-'Paramètres'!$B$8,0)) | Q21: =IF($A21="","",IFERROR(IF(OR($O21=0,$R21="Annulée"),"Non échue",IF($P21>=0,"Non échue",IF($P21>=-30,"1 à 30 jours",IF($P21>=-60,"31 à 60 jours",IF($P21>=-90,"61 à 90 jours","Plus de 90 jours"))))),"")) | R21: =IF($A21="","",IFERROR(IF($S21="Annulée","Annulée",IF($O21=0,"Payée",IF($N21>0,"Partiellement payée","À payer"))),""))
K22: =IF($A22="","",IFERROR(IF(OR($E22="TPS et TVQ applicables",$E22="TPS seulement"),$J22*'Paramètres'!$B$6,0),0)) | L22: =IF($A22="","",IFERROR(IF(OR($E22="TPS et TVQ applicables",$E22="TVQ seulement"),$J22*'Paramètres'!$B$7,0),0)) | M22: =IF($A22="","",IFERROR($J22+$K22+$L22,0)) | O22: =IF($A22="","",IFERROR(MAX(0,$M22-$N22),0)) | P22: =IF($A22="","",IFERROR($G22-'Paramètres'!$B$8,0)) | Q22: =IF($A22="","",IFERROR(IF(OR($O22=0,$R22="Annulée"),"Non échue",IF($P22>=0,"Non échue",IF($P22>=-30,"1 à 30 jours",IF($P22>=-60,"31 à 60 jours",IF($P22>=-90,"61 à 90 jours","Plus de 90 jours"))))),"")) | R22: =IF($A22="","",IFERROR(IF($S22="Annulée","Annulée",IF($O22=0,"Payée",IF($N22>0,"Partiellement payée","À payer"))),""))
K23: =IF($A23="","",IFERROR(IF(OR($E23="TPS et TVQ applicables",$E23="TPS seulement"),$J23*'Paramètres'!$B$6,0),0)) | L23: =IF($A23="","",IFERROR(IF(OR($E23="TPS et TVQ applicables",$E23="TVQ seulement"),$J23*'Paramètres'!$B$7,0),0)) | M23: =IF($A23="","",IFERROR($J23+$K23+$L23,0)) | O23: =IF($A23="","",IFERROR(MAX(0,$M23-$N23),0)) | P23: =IF($A23="","",IFERROR($G23-'Paramètres'!$B$8,0)) | Q23: =IF($A23="","",IFERROR(IF(OR($O23=0,$R23="Annulée"),"Non échue",IF($P23>=0,"Non échue",IF($P23>=-30,"1 à 30 jours",IF($P23>=-60,"31 à 60 jours",IF($P23>=-90,"61 à 90 jours","Plus de 90 jours"))))),"")) | R23: =IF($A23="","",IFERROR(IF($S23="Annulée","Annulée",IF($O23=0,"Payée",IF($N23>0,"Partiellement payée","À payer"))),""))
... K111: =IF($A111="","",IFERROR(IF(OR($E111="TPS et TVQ applicables",$E111="TPS seulement"),$J111*'Paramètres'!$B$6,0),0)) | L111: =IF($A111="","",IFERROR(IF(OR($E111="TPS et TVQ applicables",$E111="TVQ seulement"),$J111*'Paramètres'!$B$7,0),0)) | M111: =IF($A111="","",IFERROR($J111+$K111+$L111,0)) | O111: =IF($A111="","",IFERROR(MAX(0,$M111-$N111),0)) | P111: =IF($A111="","",IFERROR($G111-'Paramètres'!$B$8,0)) | Q111: =IF($A111="","",IFERROR(IF(OR($O111=0,$R111="Annulée"),"Non échue",IF($P111>=0,"Non échue",IF($P111>=-30,"1 à 30 jours",IF($P111>=-60,"31 à 60 jours",IF($P111>=-90,"61 à 90 jours","Plus de 90 jours"))))),"")) | R111: =IF($A111="","",IFERROR(IF($S111="Annulée","Annulée",IF($O111=0,"Payée",IF($N111>0,"Partiellement payée","À payer"))),""))

Sheet Paramètres
A1: Paramètres du modèle
A3: Modifiez uniquement les cellules jaunes. Les taux sont appliqués aux nouvelles factures et peuvent être ajustés selon la situation applicable.
A5: Paramètre | B5: Valeur
A6: Taux de TPS | B6: 0.05
A7: Taux de TVQ | B7: 0.09975
A8: Date de référence du tableau de bord | B8: 46260
A9: Nombre de jours avant échéance à signaler | B9: 7
A10: Nom de l’entreprise | B10: Atelier Boréal inc.
A11: Devise | B11: CAD
A13: Documentation | B13: Description
A14: Taux de TPS | B14: Taux utilisé pour calculer la TPS sur les factures applicables.
A15: Taux de TVQ | B15: Taux utilisé pour calculer la TVQ sur les factures applicables.
A16: Date de référence | B16: Date utilisée pour calculer les retards et les échéances du tableau de bord.
A17: Jours avant échéance à signaler | B17: Nombre de jours servant à repérer les factures bientôt échues.
A19: Les taux sont des paramètres de travail et ne constituent pas une validation fiscale. Confirmez les taux applicables à votre situation auprès de l’ARC et de Revenu Québec.

Sheet Listes
A1: Listes de saisie
A3: Statuts | B3: Catégories de dépenses | C3: Modes de paiement | D3: Traitements fiscaux | E3: Catégories d’ancienneté
A4: À payer | B4: Fournitures de bureau | C4: Virement bancaire | D4: TPS et TVQ applicables | E4: Non échue
A5: Partiellement payée | B5: Logiciels et abonnements | C5: Carte de crédit | D5: TPS seulement | E5: 1 à 30 jours
A6: Payée | B6: Télécommunications | C6: Chèque | D6: TVQ seulement | E6: 31 à 60 jours
A7: Annulée | B7: Transport et livraison | C7: Prélèvement automatique | D7: Aucune taxe | E7: 61 à 90 jours
B8: Entretien et réparations | C8: Paiement en ligne | E8: Plus de 90 jours
B9: Honoraires professionnels | C9: Autre
B10: Loyer
B11: Publicité et marketing
B12: Services publics
B13: Autre
A16: Ces listes servent aux menus déroulants de la feuille « Factures fournisseurs » afin de maintenir une saisie uniforme.
